[Event "Titled Tuesday Blitz November 15 Early 2022"]
[White "Stribuk, Artiom"]
[Black "Tasev, Dejan"]
[WhiteFideId "13515659"]
[BlackFideId "936618"]
[WhiteElo "2371"]
[BlackElo "2256"]
[Result "1-0"]
[Round "05"]
[TimeControl "180+1"]
[Date "2022.11.16"]
[WhiteClock "0:00:09"]
[BlackClock "0:00:06"]

1. d4 Nf6 2. c4 g6 3. g3 Bg7 4. Bg2 O-O 5. Nc3 d6 6. Nf3 Nbd7 7. O-O c5 8. e4 cxd4 9. Nxd4 a6 10. h3 Rb8 11. Be3 Ne5 12. b3 Bd7 13. Rc1 Rc8 14. Qe2 Nc6 15. Nf3 Ne8 16. Rfd1 Nc7 17. Nd5 Nxd5 18. exd5 Ne5 19. Nd4 Be8 20. a4 Nd7 21. h4 Nf6 22. Re1 Bd7 23. Qd2 Re8 24. a5 Ng4 25. Bg5 h6 26. Bf4 Kh7 27. b4 Nf6 28. Bf3 Bg4 29. Bxg4 Nxg4 30. Kg2 Qd7 31. Qd3 Ne5 32. Bxe5 dxe5 33. Nf3 e6 34. Nxe5 Bxe5 35. Rxe5 exd5 36. Rxd5 Qc6 37. h5 Rc7 38. Rd1 Ree7 39. hxg6+ fxg6 40. c5 Rg7 41. Kh2 Rcf7 42. Rd2 Qf6 43. Rd6 Qg5 44. Kg2 h5 45. Rd5 Qg4 46. Rd4 Qe6 47. Re2 Qf6 48. Rd6 Qg5 49. Rd5 Qf6 50. Rd6 Qg5 51. Re4 Qf5 52. Qe3 Qf6 53. Rf4 Qb2 54. Qe4 Rxf4 55. Qxf4 Qb1 56. Rb6 Qd3 57. Qf3 Qd7 58. Qe4 Qc7 59. Re6 Qd7 60. Rd6 Qf7 61. Qf3 Kh6 62. Qxf7 Rxf7 63. Rb6 Kg7 64. f4 Kh6 65. Kf3 Kg7 66. Ke4 Re7+ 67. Kd5 Re3 68. Rxb7+ Kf6 69. c6 Rxg3 70. c7 Rc3 71. Rb6+ Ke7 72. Rc6 Rd3+ 73. Ke4 1-0


[Site "https://www.chess.com"]

[Event "Titled Tuesday Blitz November 15 Early 2022"]
[White "Svane, Frederik"]
[Black "Bortnyk, Olexandr"]
[WhiteFideId "12923044"]
[BlackFideId "14120828"]
[WhiteElo "2466"]
[BlackElo "2723"]
[Result "0-1"]
[Round "05"]
[TimeControl "180+1"]
[Date "2022.11.15"]
[WhiteClock "0:00:01"]
[BlackClock "0:00:01"]

1. e4 Nf6 2. e5 Nd5 3. Nc3 Nb6 4. a4 a5 5. d4 d6 6. Nf3 g6 7. exd6 cxd6 8. Bb5+ Bd7 9. O-O Bg7 10. Re1 O-O 11. Bg5 Re8 12. Qe2 Nc6 13. Rad1 Bg4 14. h3 Bxf3 15. Qxf3 h6 16. Be3 d5 17. Ne2 e6 18. Nc1 Nc4 19. Bxc4 dxc4 20. Ne2 Nb4 21. c3 Nd3 22. Rf1 Qd5 23. b3 Qxf3 24. gxf3 Rac8 25. bxc4 Nb2 26. Rb1 Nxc4 27. Rxb7 e5 28. d5 Red8 29. Rd1 f5 30. Rb5 Rd7 31. f4 exf4 32. Nxf4 Nxe3 33. fxe3 Rxc3 34. Nxg6 Rxe3 35. Kf2 Rxh3 36. d6 Kf7 37. Ne7 Rh2+ 38. Kg3 Re2 39. Nxf5 Bc3 40. Rc5 Bb4 41. Rc7 Ke8 42. Rc8+ Kf7 43. Nxh6+ Kg6 44. Rg8+ Kh7 45. Kf3 Rh2 46. Rc8 Rxh6 47. Rc7 Rf6+ 0-1


[Site "https://www.chess.com"]

[Event "Titled Tuesday Blitz November 15 Early 2022"]
[White "Szente Varga, Fruzsina"]
[Black "Kopczynski, Michal"]
[WhiteFideId "712264"]
[BlackFideId "1124200"]
[WhiteElo "1994"]
[BlackElo "2235"]
[Result "1-0"]
[Round "05"]
[TimeControl "180+1"]
[Date "2022.11.16"]
[WhiteClock "0:00:33"]
[BlackClock "0:00:01"]

1. e4 c5 2. Nf3 d6 3. d4 cxd4 4. Qxd4 Bd7 5. c4 Nc6 6. Qe3 g6 7. Nc3 Bg7 8. Bd3 Nf6 9. h3 O-O 10. O-O Qa5 11. a3 Rfc8 12. Bd2 Qh5 13. Rac1 Bxh3 14. gxh3 Qxh3 15. Ng5 Qg4+ 16. Qg3 Qxg3+ 17. fxg3 h6 18. Nf3 Ng4 19. b4 Nce5 20. Nxe5 Nxe5 21. Be2 Nxc4 22. Bxc4 Rxc4 23. Nd5 Rxe4 24. Rfe1 Rxe1+ 25. Bxe1 e6 26. Ne7+ Kf8 27. Nc8 d5 28. Rc7 Be5 29. Rc2 Ke8 30. Bf2 d4 31. Rc5 f6 32. Rxe5 fxe5 33. Nd6+ Kd7 34. Nxb7 Kc6 35. Nc5 Kd5 36. Kf1 a5 37. Be1 axb4 38. Bxb4 e4 39. Ke2 d3+ 40. Ke3 g5 41. Nxe4 e5 42. Kxd3 Rc8 43. Nf6+ 1-0


[Site "https://www.chess.com"]

[Event "Titled Tuesday Blitz November 15 Early 2022"]
[White "Tan, Jun Ying"]
[Black "Hadzovic, Amir"]
[WhiteFideId "5710413"]
[BlackFideId "14402300"]
[WhiteElo "2089"]
[BlackElo "2262"]
[Result "0-1"]
[Round "05"]
[TimeControl "180+1"]
[Date "2022.11.16"]
[WhiteClock "0:00:19"]
[BlackClock "0:00:07"]

1. d4 d5 2. c4 e6 3. Nf3 Nf6 4. Bg5 Be7 5. Qc2 O-O 6. Nc3 c6 7. e3 Nbd7 8. O-O-O a6 9. Bd3 b5 10. cxd5 exd5 11. Ne5 Bb7 12. Nxd7 Qxd7 13. Bxf6 Bxf6 14. Bf5 Qe7 15. Bxh7+ Kh8 16. Qf5 g6 17. Bxg6 fxg6 18. Qxg6 Rf7 19. h4 Rg7 20. Qh5+ Rh7 21. Qf3 Rf8 22. Ne2 Bxd4 23. Nf4 Rxf4 24. Qxf4 Be5 25. Qg5 Bf6 26. Qf5 Rf7 27. Qh5+ Rh7 28. Qf5 Rf7 29. Qc2 Qe5 30. Rd4 Bc8 31. Rf4 Be6 32. g4 c5 33. g5 Bg7 34. Rxf7 Bxf7 35. h5 Qxg5 36. Qxc5 Qe5 37. Qc8+ Kh7 38. Qc2+ Kh8 39. h6 Bf6 40. h7 Be6 41. Rg1 Bf5 42. Qc3 Qxc3+ 43. bxc3 Bxc3 44. Rg8+ Kxh7 45. Ra8 a5 46. Rb8 b4 47. Rb5 Be4 48. Rxa5 Kg6 49. Ra6+ Kg5 50. Rb6 Kg4 51. Rb8 Kf3 52. Rf8+ Ke2 53. f4 Kxe3 54. f5 d4 55. Re8 d3 56. Kd1 Kf4 57. Rxe4+ Kxe4 58. f6 Bxf6 59. Kd2 Bc3+ 60. Kd1 Ke3 61. Kc1 Ke2 62. Kb1 d2 63. Kc2 d1=Q# 0-1


[Site "https://www.chess.com"]

[Event "Titled Tuesday Blitz November 15 Early 2022"]
[White "Tang, Andrew"]
[Black "Mgeladze, Tamaz"]
[WhiteFideId "2059630"]
[BlackFideId "13601202"]
[WhiteElo "2876"]
[BlackElo "2695"]
[Result "0-1"]
[Round "05"]
[TimeControl "180+1"]
[Date "2022.11.16"]
[WhiteClock "0:00:05"]
[BlackClock "0:00:12"]

1. d4 Nf6 2. c4 g6 3. f3 Bg7 4. e4 d6 5. Nc3 O-O 6. Nge2 c5 7. d5 a6 8. a4 e6 9. Ng3 exd5 10. cxd5 Re8 11. Be2 h5 12. Bg5 Qb6 13. Qd2 Nh7 14. a5 Qc7 15. Bh6 h4 16. Bxg7 Kxg7 17. Nf1 Nd7 18. Ne3 Ndf6 19. Na4 Bd7 20. Nb6 Rad8 21. O-O Bb5 22. Rac1 Bxe2 23. Qxe2 Ng5 24. b4 Qe7 25. bxc5 dxc5 26. Qb2 Kh7 27. Nbc4 Nh5 28. d6 Qe6 29. Nd5 f5 30. Rce1 h3 31. Qd2 hxg2 32. Kxg2 Nf7 33. Qb2 fxe4 34. fxe4 Qg4+ 35. Kh1 Ng5 36. Ne7 Rxd6 37. Nxd6 Rxe7 38. Rf8 Rg7 39. Rg1 Qh4 40. Ne8 Qxe4+ 41. Qg2 Re7 42. Qxe4 Nxe4 43. Rb1 c4 44. Rc1 c3 45. Kg2 Re5 46. Kf3 Nd2+ 47. Kf2 Ne4+ 48. Ke3 Nd6+ 49. Kd4 Rxe8 50. Rxe8 Nxe8 51. Rxc3 Nhf6 52. Rb3 Nd6 53. Ke5 Nfe4 54. Ke6 g5 55. Ke5 Kh6 56. Rb1 Kh5 57. Rb2 Nc4+ 58. Kxe4 Nxb2 59. Kd4 Kh4 60. Kc3 Kh3 61. Kxb2 Kxh2 62. Kc3 g4 0-1


[Site "https://www.chess.com"]

[Event "Titled Tuesday Blitz November 15 Early 2022"]
[White "Tarasova, Viktoriya"]
[Black "Ristic, Nebojsa B"]
[WhiteFideId "4175840"]
[BlackFideId "935468"]
[WhiteElo "2182"]
[BlackElo "2320"]
[Result "1-0"]
[Round "05"]
[TimeControl "180+1"]
[Date "2022.11.16"]
[WhiteClock "0:00:21"]
[BlackClock "0:00:48"]

1. d4 Nf6 2. c4 e6 3. Nc3 b6 4. e4 Bb4 5. Bd3 Nc6 6. Ne2 Bxc3+ 7. bxc3 e5 8. O-O d6 9. f4 exf4 10. Bxf4 h6 11. e5 dxe5 12. dxe5 Nh5 13. Be4 Qxd1 14. Raxd1 Bb7 15. e6 Nxf4 16. exf7+ Kxf7 17. Rxf4+ Kg8 18. Rd7 Na5 19. Rxc7 Bxe4 20. Rxe4 Rh7 21. Ree7 Rf8 22. h3 Rd8 23. Nf4 Rf8 24. Nh5 Rf5 25. g4 Rf3 26. Kg2 Rf8 27. Red7 Kh8 28. Ng3 Kg8 29. Ne4 Kh8 30. Nd6 Kg8 31. Nf5 h5 32. Ne7+ Kh8 33. Ng6+ Kg8 34. Nxf8 Kxf8 35. Rc8# 1-0


[Site "https://www.chess.com"]

[Event "Titled Tuesday Blitz November 15 Early 2022"]
[White "Tarigan, Gilbert Elroy"]
[Black "Dubov, Daniil"]
[WhiteFideId "7108133"]
[BlackFideId "24126055"]
[WhiteElo "2284"]
[BlackElo "2791"]
[Result "1/2-1/2"]
[Round "05"]
[TimeControl "180+1"]
[Date "2022.11.15"]
[WhiteClock "0:00:09"]
[BlackClock "0:00:06"]

1. d4 Nf6 2. Nf3 d5 3. c4 c6 4. Nc3 dxc4 5. e4 b5 6. Be2 e6 7. a4 b4 8. e5 bxc3 9. exf6 gxf6 10. bxc3 Nd7 11. O-O Bd6 12. Nd2 Nb6 13. Nxc4 Nxc4 14. Bxc4 Qa5 15. Qf3 Ke7 16. Bh6 Rg8 17. Rfe1 Bd7 18. g3 Rab8 19. Rab1 Qxa4 20. Bf1 Qa5 21. Ra1 Qc7 22. c4 c5 23. d5 Rg6 24. Bd2 Rbg8 25. Ra3 Be5 26. Bg2 Kf8 27. Bc3 Bxc3 28. Qxc3 Kg7 29. Qa1 e5 30. Rxa7 Qd8 31. Qa5 Qxa5 32. Rxa5 Rc8 33. Rb1 Bf5 34. Rbb5 Rg4 35. Bh3 Rg5 36. Bxf5 Rxf5 37. Rxc5 Rd8 38. Rc7 Rb8 39. Ra2 Rb1+ 40. Kg2 e4 41. Re7 Re1 42. d6 Rd1 43. Rxe4 Rxd6 44. Re7 Rc6 45. Raa7 Rfc5 46. Rxf7+ Kg6 47. Rg7+ Kf5 48. Rxh7 Rxc4 49. Rh5+ Kg6 50. Rah7 Rd6 51. R7h6+ Kf7 52. Rh7+ Kg6 53. R5h6+ Kf5 54. Rh4 Rc2 55. Rf4+ Kg6 56. Rh8 Kg7 57. Ra8 Kg6 58. Rg8+ Kf7 59. Rb8 Kg6 60. Rb5 Re6 61. h4 Rd6 62. Rg4+ Kh6 63. Rb8 Kh7 64. Rb7+ Kh6 65. Rb8 Kh7 66. Rf8 Rc7 67. Rf4 Kg7 68. Ra8 Rc2 69. Raa4 Kg6 70. Rg4+ Kh6 71. Raf4 Re6 72. Rg8 Kh7 73. Rgg4 Kh6 74. Rf5 Rd2 75. h5 Kh7 76. Rg6 Rdd6 77. Kh3 Rc6 78. Kh4 Rc4+ 79. g4 Rcc6 80. Kh3 Rc3+ 81. Kg2 Rcc6 82. Rf3 Rc4 83. Kg3 Rcc6 84. Rf4 Ra6 85. f3 Rac6 86. Rf5 Ra6 87. g5 fxg5 88. Rfxg5 Rxg6 89. Rxg6 Ra5 90. Kg4 Ra1 91. Rf6 Rg1+ 92. Kf5 Rh1 93. Kg4 Rg1+ 94. Kh4 Rh1+ 95. Kg5 Kg7 96. h6+ Kg8 97. f4 Rg1+ 98. Kf5 Ra1 99. Rc6 Kh7 100. Kg5 Rg1+ 101. Kf6 Ra1 102. Rc7+ Kxh6 103. Rc6 Kh7 104. f5 Kg8 105. Rc8+ Kh7 106. Rc7+ Kg8 107. Kg6 Rg1+ 108. Kf6 Rf1 109. Rc6 Rf2 110. Rc5 Kh7 111. Rb5 Kg8 112. Re5 Kf8 113. Ra5 Kg8 114. Rb5 Rf1 115. Rc5 Rf2 116. Ke7 Re2+ 117. Kf6 Rf2 118. Ke6 Re2+ 119. Re5 Rxe5+ 120. Kxe5 Kf7 121. f6 Kf8 122. Ke6 Ke8 123. f7+ Kf8 124. Kf6 1/2-1/2


[Site "https://www.chess.com"]

[Event "Titled Tuesday Blitz November 15 Early 2022"]
[White "Ter-Sahakyan, Samvel"]
[Black "Palencia Morales, Wilson Guillermo"]
[WhiteFideId "13302531"]
[BlackFideId "4401859"]
[WhiteElo "2584"]
[BlackElo "2160"]
[Result "1-0"]
[Round "05"]
[TimeControl "180+1"]
[Date "2022.11.16"]
[WhiteClock "0:01:48"]
[BlackClock "0:02:02"]

1. d4 Nf6 2. c4 c5 3. d5 e6 4. Nc3 exd5 5. cxd5 d6 6. e4 g6 7. f4 Bg7 8. Bb5+ Nfd7 9. a4 O-O 10. Nf3 Na6 11. O-O Nb4 12. h3 a6 13. Bd3 Nf6 14. Bb1 c4 15. Be3 Re8 16. Bd4 Rb8 17. a5 Nd7 18. Bxg7 Kxg7 19. Qd4+ Qf6 20. Qxc4 Qxf4 21. Qxb4 Nc5 22. Qd4+ f6 23. Bc2 Bxh3 24. gxh3 Qg3+ 25. Kh1 Re5 26. Qf2 Qxh3+ 27. Qh2 1-0


[Site "https://www.chess.com"]

[Event "Titled Tuesday Blitz November 15 Early 2022"]
[White "Timofeev, Artyom"]
[Black "Melian, Juan Sebastian"]
[WhiteFideId "4140419"]
[BlackFideId "3706575"]
[WhiteElo "2586"]
[BlackElo "2044"]
[Result "1-0"]
[Round "05"]
[TimeControl "180+1"]
[Date "2022.11.16"]
[WhiteClock "0:00:32"]
[BlackClock "0:00:04"]

1. d4 Nf6 2. Bf4 e6 3. Nc3 d5 4. e3 a6 5. g4 Bd6 6. g5 Nfd7 7. Bxd6 cxd6 8. h4 Nc6 9. f4 b5 10. Nf3 Nb6 11. Bd3 Nc4 12. Bxc4 bxc4 13. Kf2 Ne7 14. b3 Qc7 15. Qd2 Bb7 16. b4 O-O 17. h5 Nf5 18. Nh4 Nxh4 19. Rxh4 e5 20. h6 g6 21. Rf1 f6 22. gxf6 e4 23. Rg1 Rxf6 24. Rg5 Qf7 25. Ke1 Qe6 26. a3 Raf8 27. Rhg4 Kh8 28. Qh2 Bc6 29. Kd2 Bb7 30. Qh4 Bc6 31. Rg1 Bb7 32. Qg4 Rf5 33. a4 Qe7 34. b5 a5 35. Qh4 Qe6 36. Kc1 Qd7 37. Kb2 Qe8 38. Rxf5 Rxf5 39. Rg5 Rxg5 40. Qxg5 Kg8 41. Qf6 Qd7 42. Ka3 Ba8 43. Ne2 Bb7 44. Ng3 Bc8 45. f5 Qe8 46. Qg7# 1-0


[Site "https://www.chess.com"]

[Event "Titled Tuesday Blitz November 15 Early 2022"]
[White "Torres Dominguez, David"]
[Black "Ilkhomi, Jaloliddin"]
[WhiteFideId "2220857"]
[BlackFideId "14700948"]
[WhiteElo "2037"]
[BlackElo "2045"]
[Result "0-1"]
[Round "05"]
[TimeControl "180+1"]
[Date "2022.11.16"]
[WhiteClock "0:00:02"]
[BlackClock "0:00:23"]

1. e4 e6 2. d4 d5 3. exd5 exd5 4. Bd3 Bd6 5. Qf3 Ne7 6. Bf4 Nbc6 7. c3 Be6 8. Ne2 h6 9. Nd2 Qd7 10. Bxd6 Qxd6 11. Qg3 Qxg3 12. Nxg3 Kd7 13. f3 h5 14. h4 g6 15. Kf2 Rae8 16. Rae1 Nc8 17. Ne2 Nd6 18. Ng3 Nd8 19. Re2 Nc6 20. Rhe1 Re7 21. Nb3 b6 22. Nd2 Rhe8 23. a3 Nd8 24. Rh1 c5 25. Ree1 Nc6 26. Ne2 Bf5 27. Bxf5+ Nxf5 28. dxc5 bxc5 29. Nf4 Rxe1 30. Rxe1 Rxe1 31. Kxe1 Kd6 32. b4 Nxh4 33. Kf2 Nf5 34. Nb3 cxb4 35. cxb4 Nfd4 36. Nxd4 Nxd4 37. Nd3 Nc2 38. a4 d4 39. g4 h4 40. g5 Kd5 41. b5 Ne3 42. a5 Nc4 43. Nb4+ Kc5 44. Nc6 Nxa5 45. Nxa7 h3 46. Nc8 d3 47. b6 h2 48. Kg2 d2 49. b7 Nxb7 0-1


[Site "https://www.chess.com"]

[Event "Titled Tuesday Blitz November 15 Early 2022"]
[White "Tregubov, Pavel V."]
[Black "Dudzinski, Pawel"]
[WhiteFideId "4115341"]
[BlackFideId "1117890"]
[WhiteElo "2448"]
[BlackElo "2086"]
[Result "1-0"]
[Round "05"]
[TimeControl "180+1"]
[Date "2022.11.16"]
[WhiteClock "0:00:33"]
[BlackClock "0:00:04"]

1. e4 c6 2. Nf3 d5 3. Nc3 dxe4 4. Nxe4 Nf6 5. Qe2 Nxe4 6. Qxe4 Qa5 7. b4 Qf5 8. Bd3 Qxe4+ 9. Bxe4 e5 10. Nxe5 Bxb4 11. Rb1 Bd6 12. Nc4 Be7 13. Na5 b6 14. Nxc6 Bb7 15. Nxe7 Bxe4 16. d3 Bxg2 17. Rg1 Kxe7 18. Rxg2 g6 19. Rb4 Re8 20. Re4+ Kd7 21. Rxe8 Kxe8 22. Rg4 Nc6 23. Bb2 Kd7 24. Kd2 Re8 25. h4 h5 26. Rf4 f5 27. c4 Ne5 28. Bxe5 Rxe5 29. Rd4+ Kc7 30. a4 Ra5 31. Ke3 Rxa4 32. Kf4 Ra2 33. Kg5 Rxf2 34. Kxg6 f4 35. Kxh5 f3 36. Kg4 Rf1 37. Kg3 1-0


[Site "https://www.chess.com"]

[Event "Titled Tuesday Blitz November 15 Early 2022"]
[White "Tristan, Leonardo"]
[Black "Melaugh, Shane"]
[WhiteFideId "113816"]
[BlackFideId "2509580"]
[WhiteElo "2461"]
[BlackElo "2025"]
[Result "1/2-1/2"]
[Round "05"]
[TimeControl "180+1"]
[Date "2022.11.16"]
[WhiteClock "0:00:51"]
[BlackClock "0:00:16"]

1. d4 e6 2. Nf3 f5 3. c4 Nf6 4. Nc3 Bb4 5. Bd2 O-O 6. g3 d6 7. Bg2 Nc6 8. O-O Bxc3 9. Bxc3 Qe7 10. b4 Ne4 11. Be1 e5 12. b5 Nd8 13. a4 Nf7 14. e3 Be6 15. Rc1 c6 16. Bb4 c5 17. Ba3 Rad8 18. Nd2 Nxd2 19. Qxd2 b6 20. Rfd1 Ng5 21. a5 Ne4 22. Qe2 Qf6 23. Bb2 Ng5 24. dxe5 dxe5 25. f4 Nf7 26. Rxd8 Rxd8 27. Rd1 Rxd1+ 28. Qxd1 Bxc4 29. fxe5 Qe6 30. axb6 axb6 31. Bc6 h6 32. Qa4 Bd5 33. Qa8+ Kh7 34. Bxd5 Qg6 35. Qe8 Qg4 36. Qxf7 Qd1+ 37. Kg2 Qe2+ 38. Kh3 Qg4+ 39. Kg2 Qe2+ 40. Kg1 Qe1+ 41. Kg2 Qe2+ 1/2-1/2


[Site "https://www.chess.com"]

[Event "Titled Tuesday Blitz November 15 Early 2022"]
[White "Trost, Edvin"]
[Black "Levitan, Caleb Levi"]
[WhiteFideId "1729519"]
[BlackFideId "14332620"]
[WhiteElo "2247"]
[BlackElo "1963"]
[Result "1/2-1/2"]
[Round "05"]
[TimeControl "180+1"]
[Date "2022.11.16"]
[WhiteClock "0:01:07"]
[BlackClock "0:00:04"]

1. e4 c5 2. b3 e6 3. Bb2 d5 4. exd5 exd5 5. Nf3 Nf6 6. d4 Nc6 7. Be2 Be6 8. O-O Be7 9. Nbd2 O-O 10. Re1 Rc8 11. a3 cxd4 12. Nxd4 Nxd4 13. Bxd4 Bc5 14. Bxc5 Rxc5 15. Bd3 d4 16. Nf3 Kh8 17. Re5 Rxe5 18. Nxe5 Qd6 19. Qe2 Nd5 20. Qe4 f5 21. Qxd4 Re8 22. Re1 Qc7 23. Bxf5 Bxf5 24. Qxd5 Bxc2 25. Nf7+ Qxf7 26. Rxe8+ Qxe8 27. h4 h6 28. Qxb7 Qe1+ 29. Kh2 Qxf2 30. Qc8+ Kh7 31. h5 Qh4+ 32. Kg1 Qe1+ 33. Kh2 Qe5+ 34. Kg1 Bxb3 35. Qg4 Be6 36. Qa4 Bf5 37. Qxa7 Qe1+ 38. Kh2 Qh4+ 39. Kg1 Qxh5 40. Qc5 Qg6 41. a4 Be4 42. Qf2 Ba8 43. a5 Qa6 44. Qc5 Qb7 45. Qc2+ Qe4 46. Qa2 Qe1+ 47. Kh2 Qh4+ 48. Kg1 Qg5 49. Qc2+ Qg6 50. Qa2 Qg5 51. a6 Qg6 52. a7 Qc6 53. Qf2 Qe4 54. Kh2 h5 55. Kg3 h4+ 56. Kh2 Kh6 57. Qd2+ Kh5 58. Qf2 Kg4 59. Qb2 Qf4+ 60. Kg1 Qe4 61. Qxg7+ Kh5 62. Qh8+ Kg5 63. Qg8+ Kh6 64. Kh2 Qf4+ 65. Kh1 Qc1+ 66. Kh2 Qf4+ 67. Kg1 Qe4 68. Kf2 Kh5 69. Qg7 Qf4+ 70. Ke2 Qe4+ 71. Kf1 Qb1+ 72. Kf2 Qa2+ 73. Kg1 Qb1+ 74. Kh2 Qe4 75. Qh8+ Kg5 76. Qg8+ Kf6 77. Qf8+ Ke6 78. Qg7 Kd6 79. Kh3 Kc6 80. Qf8 Kb6 81. Qb8+ Ka6 82. Qc7 Qxg2+ 83. Kxh4 Qf2+ 84. Kg5 Qe3+ 85. Kf6 Qd4+ 86. Kg5 Qxa7 87. Qc1 Qb6 88. Qc8+ Bb7 89. Qc3 Qb5+ 90. Kf6 Qc6+ 91. Qxc6+ Bxc6 1/2-1/2


[Site "https://www.chess.com"]

[Event "Titled Tuesday Blitz November 15 Early 2022"]
[White "Tsaruk, Maksim"]
[Black "Ibadov, Dashgyn"]
[WhiteFideId "13511173"]
[BlackFideId "24107514"]
[WhiteElo "2300"]
[BlackElo "2208"]
[Result "1-0"]
[Round "05"]
[TimeControl "180+1"]
[Date "2022.11.16"]
[WhiteClock "0:01:18"]
[BlackClock "0:00:01"]

1. e4 c5 2. Nf3 d6 3. c3 Nf6 4. Be2 Nc6 5. d3 g6 6. O-O Bg7 7. Re1 O-O 8. a4 a6 9. Nbd2 e5 10. Nc4 h6 11. h3 Be6 12. b3 Nh5 13. Nh2 Nf4 14. Bg4 f5 15. exf5 gxf5 16. Bf3 Ng6 17. Bd2 Nh4 18. Bxc6 bxc6 19. Qh5 Kh7 20. Nf3 Nxf3+ 21. Qxf3 Bd5 22. Qe2 f4 23. f3 Bf6 24. Red1 Rg8 25. Be1 Rg6 26. Ra2 Qc7 27. Nd2 Rag8 28. c4 Be6 29. Kh2 Qe7 30. Ne4 Bh4 31. a5 Bxe1 32. Qxe1 Bf5 33. Rdd2 Qe6 34. Rdb2 R8g7 35. b4 cxb4 36. Rxb4 d5 37. cxd5 cxd5 38. Rb6 Qd7 39. Nf6+ Rxf6 40. Rxf6 1-0


[Site "https://www.chess.com"]

[Event "Titled Tuesday Blitz November 15 Early 2022"]
[White "Tuleyeva-Aketayeva, Dana"]
[Black "Rodriguez Santiago, Jaime"]
[WhiteFideId "13701932"]
[BlackFideId "3100898"]
[WhiteElo "2030"]
[BlackElo "2025"]
[Result "1-0"]
[Round "05"]
[TimeControl "180+1"]
[Date "2022.11.16"]
[WhiteClock "0:00:11"]
[BlackClock "0:00:23"]

1. d4 g6 2. Nf3 Bg7 3. g3 d6 4. Bg2 Nf6 5. O-O O-O 6. c4 c5 7. Nc3 Nc6 8. e3 Bg4 9. h3 Bxf3 10. Bxf3 cxd4 11. exd4 Nd7 12. Be3 Rc8 13. Rc1 Nb6 14. b3 e6 15. d5 exd5 16. Nxd5 Nxd5 17. Bxd5 Kh8 18. Qd2 Qd7 19. Bg2 Ne5 20. f4 Nc6 21. Rfd1 Rcd8 22. c5 Rfe8 23. Bf2 d5 24. Qxd5 Qxd5 25. Rxd5 Rxd5 26. Bxd5 Re2 27. Bxf7 Rxa2 28. b4 Rb2 29. Re1 Bc3 30. Re8+ Kg7 31. Bd5 Rxb4 32. Rg8+ Kf6 33. g4 Rxf4 34. Bh4+ Ke5 35. Bxc6 bxc6 36. Bg3 Bd4+ 37. Kg2 Ke4 38. Re8+ Be5 39. Bxf4 Kxf4 40. Re7 a5 41. Ra7 Bc3 42. Ra6 Ke5 43. Rxc6 Kd5 44. Rc7 a4 45. Ra7 Kxc5 46. Rxa4 Kd5 47. Ra6 Ke4 48. Ra7 h6 49. Ra6 g5 50. Rxh6 Bd2 51. Re6+ Kd5 52. Re2 Bf4 53. Kf3 Bc1 54. Re1 Bb2 55. Rd1+ Ke5 56. Rd7 Kf6 57. Rd5 Kg6 58. Ke4 Bc1 59. Rd6+ Kf7 60. Kf5 Ke7 61. Rg6 Kf7 62. Rxg5 Bb2 63. Rh5 Bf6 64. g5 Bg7 65. g6+ Kg8 66. Rh7 Bb2 67. h4 Bh8 68. h5 Ba1 69. h6 Bd4 70. Rd7 Bg7 71. h7+ 1-0


[Site "https://www.chess.com"]

[Event "Titled Tuesday Blitz November 15 Early 2022"]
[White "Tymrakiewicz, Rafal"]
[Black "Szpar, Milosz"]
[WhiteFideId "1108832"]
[BlackFideId "1184989"]
[WhiteElo "2138"]
[BlackElo "2422"]
[Result "1-0"]
[Round "05"]
[TimeControl "180+1"]
[Date "2022.11.16"]
[WhiteClock "0:00:13"]
[BlackClock "0:00:19"]

1. d4 Nf6 2. Bg5 c5 3. d5 g6 4. Nc3 Bg7 5. a4 O-O 6. e4 h6 7. Bh4 g5 8. Bg3 e6 9. dxe6 fxe6 10. e5 Ne8 11. h4 Nc6 12. hxg5 Qxg5 13. Nf3 Qe7 14. Bd3 b6 15. Qe2 Bb7 16. Qe4 Rf7 17. Qh7+ Kf8 18. Bh4 d5 19. Bxe7+ Kxe7 20. Bg6 d4 21. Nb5 Nb4 22. Bxf7 Kxf7 23. Rxh6 Nxc2+ 24. Qxc2 Bxh6 25. Qh7+ Bg7 26. Ng5+ Ke7 27. Qg6 Bd5 28. Nd6 Bxe5 29. Nxe8 Rxe8 30. Qh7+ Kf6 31. Qf7+ Kxg5 32. Qxe8 d3 33. g3 Bxb2 34. Qg8+ Kf5 35. Qh7+ Kg5 36. Rd1 c4 37. Rxd3 cxd3 38. Qxd3 Kf6 39. f3 a5 40. g4 Be5 41. Kf2 Bd6 42. Qd4+ Kg5 43. Qxb6 Bb4 44. Qe3+ Kf6 45. Qd4+ Kg5 46. Qg7+ Kf4 47. Qf6# 1-0


[Site "https://www.chess.com"]

[Event "Titled Tuesday Blitz November 15 Early 2022"]
[White "Urbina Quiroz, Edwin"]
[Black "Calcada, Lucas Galvan"]
[WhiteFideId "6500650"]
[BlackFideId "22746099"]
[WhiteElo "2152"]
[BlackElo "1523"]
[Result "0-1"]
[Round "05"]
[TimeControl "180+1"]
[Date "2022.11.16"]
[WhiteClock "0:00:40"]
[BlackClock "0:00:46"]

1. d4 Nf6 2. c4 g6 3. Nc3 Bg7 4. e4 d6 5. Be2 O-O 6. Bg5 c5 7. d5 e6 8. Qd2 exd5 9. cxd5 Re8 10. f3 h5 11. h4 a6 12. a4 Nbd7 13. Nh3 Qc7 14. O-O Ne5 15. Rac1 Bxh3 16. gxh3 Rab8 17. f4 Ned7 18. e5 dxe5 19. f5 c4 20. d6 Qc5+ 21. Be3 Qc6 22. Kh2 b5 23. axb5 axb5 24. b4 Rbd8 25. Bf3 e4 26. Bh1 Ne5 27. fxg6 fxg6 28. Rxf6 Bxf6 29. Bxe4 Qxd6 30. Qg2 Ng4+ 0-1


[Site "https://www.chess.com"]

[Event "Titled Tuesday Blitz November 15 Early 2022"]
[White "Van Foreest, Machteld"]
[Black "Piesik, Piotr"]
[WhiteFideId "1051563"]
[BlackFideId "1136194"]
[WhiteElo "2018"]
[BlackElo "2316"]
[Result "0-1"]
[Round "05"]
[TimeControl "180+1"]
[Date "2022.11.16"]
[WhiteClock "0:00:03"]
[BlackClock "0:00:40"]

1. e4 g6 2. d4 Bg7 3. Nf3 c6 4. Nc3 d6 5. Be2 Nf6 6. O-O O-O 7. h3 Nbd7 8. Bf4 Nh5 9. Bh2 e5 10. dxe5 dxe5 11. Qd6 Re8 12. Rad1 Bf8 13. Qd2 Qc7 14. Ng5 Nf4 15. Bc4 Re7 16. a4 Nb6 17. Bb3 Be6 18. Bxf4 Bxb3 19. Bxe5 Qxe5 20. cxb3 Bh6 21. f4 Qc5+ 22. Qd4 Nd7 23. Qxc5 Nxc5 24. b4 Nb3 25. Rd3 Bg7 26. Ne2 h6 27. Nf3 Rxe4 28. Ng3 Rxb4 29. f5 Nc5 30. Rd2 g5 31. Ne1 Bxb2 32. Nd3 Nxd3 33. Rxd3 Bd4+ 34. Kh1 Rxa4 35. Ne4 c5 36. Nd6 b6 0-1


[Site "https://www.chess.com"]

[Event "Titled Tuesday Blitz November 15 Early 2022"]
[White "Vifleemskaia, Svetlana"]
[Black "Ghosh, Chanchal Kumer"]
[WhiteFideId "4129490"]
[BlackFideId "10201858"]
[WhiteElo "1929"]
[BlackElo "2058"]
[Result "1-0"]
[Round "05"]
[TimeControl "180+1"]
[Date "2022.11.16"]
[WhiteClock "0:00:51"]
[BlackClock "0:00:12"]

1. d4 d5 2. c4 e6 3. Nc3 Nf6 4. cxd5 exd5 5. Bg5 Be7 6. e3 c6 7. Bd3 O-O 8. Nge2 Nbd7 9. O-O h6 10. Bf4 b5 11. a3 a5 12. f3 Re8 13. Bg3 Nf8 14. Bf2 Ne6 15. Kh1 Nh5 16. f4 Nf6 17. Ng1 Ba6 18. Nf3 b4 19. Na4 Bxd3 20. Qxd3 bxa3 21. bxa3 c5 22. dxc5 Nxc5 23. Nxc5 Bxc5 24. Ne5 Ne4 25. Bg1 a4 26. Rad1 Nf6 27. h3 Qd6 28. Ra1 Reb8 29. Qf5 Bxa3 30. g4 g6 31. Nxg6 fxg6 32. Qxg6+ Kf8 33. Rxa3 Ne4 34. Qxd6+ Nxd6 35. Rfa1 Rb4 36. Kg2 Nc4 37. R3a2 a3 38. e4 dxe4 39. Bc5+ Kf7 40. Bxb4 Ne3+ 41. Kf2 Nd5 42. Bd6 Rd8 43. Be5 e3+ 44. Kf3 Rc8 45. Rxa3 Rc2 46. h4 Rf2+ 47. Ke4 Ne7 48. f5 1-0


[Site "https://www.chess.com"]

[Event "Titled Tuesday Blitz November 15 Early 2022"]
[White "Vlassov, Nikolai"]
[Black "Zacurdajev, Dmitry"]
[WhiteFideId "4103360"]
[BlackFideId "4196309"]
[WhiteElo "2324"]
[BlackElo "2179"]
[Result "0-1"]
[Round "05"]
[TimeControl "180+1"]
[Date "2022.11.16"]
[WhiteClock "0:01:39"]
[BlackClock "0:00:49"]

1. e4 c6 2. d4 d5 3. e5 c5 4. dxc5 Nc6 5. Bb5 e6 6. Be3 Ne7 7. Nf3 Nf5 8. Bd4 Nxd4 9. Qxd4 Bd7 10. Bxc6 Bxc6 11. O-O Qc7 12. b4 b6 13. cxb6 Qxb6 14. Qxb6 axb6 15. c3 Bb5 16. Rc1 Be7 17. Nd4 Ba4 18. Nd2 Kd7 19. a3 Rhc8 20. c4 Bg5 21. N4f3 Bh6 22. cxd5 exd5 23. Kf1 Bb5+ 24. Ke1 Rxa3 25. Nd4 Rxc1+ 26. Rxc1 Bxd2+ 27. Kxd2 Rd3+ 28. Kc2 Rxd4 29. Ra1 Rxb4 30. g3 Ra4 31. Rb1 Kc6 32. Rb2 Bc4 33. f4 Ra2 0-1


[Site "https://www.chess.com"]